AoeStats
← BananaPortControl

Nomad

510172494Analyzed
4v4 RM · 4d ago on Sep 29, 2026· 37m 46s· 8 players
Game mode
Random Map
Map size
231×231
Population
200
Speed
Normal
Resources
Standard
Victory
Conquest
Starting age
Dark Age
Ending age
Imperial Age
RankedLock teamsTeams togetherTeam positionsShared explorationLock speedFull tech treeHidden civsTurbo modeCheats
Victory
Defeat
🇹🇷 Aztecs · Türkiye
1070
+13
🇹🇷 Goths · Türkiye
1015
+15
🇹🇷 Dravidians · Türkiye
1012
+15
🇹🇷 Italians · Türkiye
997
+15
🇵🇪 Mongols · Peru
1011
-15
🇹🇻 Turks · Tuvalu
998
-42
🇨🇦 Bengalis · Canada
996
-15
🇹🇷 Lithuanians · Türkiye
952
-39
vince.dion123
4:19 Loom
14:53 Feudal Age
17:00 Fishing Lines
19:01 Fletching
21:16 Castle Age
20:32 Forging
22:10 Medium Warships
21:51 Gillnets
22:58 Bodkin Arrow
23:22 Gold Mining
23:22 Stone Mining
23:48 Double-Bit Axe
25:41 Wheelbarrow
24:52 Town Watch
25:14 Padded Archer Armor
26:05 Scale Barding Armor
27:26 Bloodlines
27:16 Husbandry
28:13 Chain Barding Armor
31:07 Iron Casting
31:46 Ballistics
35:05 Horse Collar
thaskyn
21:06 Feudal Age
barbeytus
13:46 Feudal Age
19:54 Castle Age
17:59 Double-Bit Axe
19:45 Fletching
19:55 Padded Archer Armor
20:11 Stone Mining
20:13 Gold Mining
20:52 Bow Saw
23:45 Horse Collar
26:34 Bodkin Arrow
26:55 Leather Archer Armor
27:56 Heavy Plow
32:43 Ballistics
36:07 Imperial Age
34:13 Wheelbarrow
33:23 Town Watch
36:41 Elite Mangudai
Wastro96
25:46 Loom
Manwë
14:52 Feudal Age
19:00 Castle Age
18:43 Horse Collar
18:49 Double-Bit Axe
20:11 Heavy Plow
20:24 Loom
21:38 Bow Saw
22:56 Wheelbarrow
25:25 Hand Cart
28:01 Gold Mining
28:57 Fletching
29:16 Stone Mining
33:56 Imperial Age
32:09 Ballistics
33:58 Husbandry
34:35 Thumb Ring
34:32 Bodkin Arrow
34:37 Padded Archer Armor
36:05 Town Watch
37:15 Conscription
RABELYAS
15:12 Feudal Age
14:35 Loom
21:23 Castle Age
21:57 Wheelbarrow
22:01 Double-Bit Axe
23:49 Bow Saw
31:01 Anarchy
35:42 Squires
ERKAN TEK
7:42 Loom
15:37 Feudal Age
20:39 Castle Age
18:54 Double-Bit Axe
19:22 Gold Mining
21:06 Wheelbarrow
22:31 Gold Shaft Mining
22:16 Town Watch
23:05 Horse Collar
25:10 Scale Mail Armor
25:22 Forging
25:13 Scale Mail Armor
25:19 Squires
27:00 Bow Saw
26:16 Eagle Warrior
29:03 Scale Mail Armor
29:54 Hand Cart
31:42 Arson
32:54 Chain Mail Armor
33:15 Iron Casting
34:32 Gambesons
38:15 Imperial Age
35:35 Pikeman
37:48 Stone Mining
BananaPortControl
13:53 Feudal Age
18:37 Castle Age
17:37 Double-Bit Axe
22:15 Bow Saw
23:12 Horse Collar
24:23 Heavy Plow
27:12 Squires
26:32 Pikeman
29:26 Gold Mining
29:26 Stone Mining
34:05 Imperial Age
32:11 Wheelbarrow
31:21 Town Watch
31:22 Loom
32:26 Fletching
32:37 Padded Archer Armor
32:47 Forging
32:38 Scale Mail Armor
32:43 Scale Barding Armor
33:26 Stone Shaft Mining
32:45 Elite Skirmisher
34:58 Thumb Ring
34:23 Elite Genoese Crossbowman
36:25 Chemistry
35:46 Ballistics
37:46 Iron Casting
37:26 Chain Mail Armor
37:32 Chain Barding Armor
Connection lost

Rejoining the realm…

Still unreachable

The connection could not be restored.

Session expired

The server has moved on; the page needs a fresh start.